 Dungeon Crawl Stone Soup version 0.27.0-1-g7a089689b8 (webtiles) character file.

Game seed: 11389865493608007217

387 Descartes the Shield-Bearer (level 7, -1/52 HPs)
             Began as a Formicid Fighter on Aug 16, 2021.
             Killed from afar by a hobgoblin (13 damage)
             ... with an iceblast
             ... on level 3 of the Dungeon.
             The game lasted 00:06:18 (4644 turns).

Descartes the Shield-Bearer (Formicid Fighter)      Turns: 4644, Time: 00:06:18

Health: -1/52      AC: 10    Str: 20    XL:     7   Next: 7%
Magic:  10/10      EV:  7    Int:  8    God:
Gold:   282        SH: 10    Dex: 12    Spells: 6/6 levels left

rFire    . . .     SeeInvis +   e - +0 great sword
rCold    . . .     Faith    .   c - +0 kite shield
rNeg     . . .     Spirit   .   l - +0 chain mail
rPois    .         Reflect  .   (helmet unavailable)
rElec    .         Harm     .   (no cloak)
rCorr    .         Rampage  .   g - +0 pair of gloves
Will     .....                  (no boots)
Stlth    ..........             (no amulet)
HPRegen  0.17/turn              (no ring)
MPRegen  0.12/turn              (no ring)

@: no status effects
A: permanent stasis, dig shafts and tunnels, antennae 3, four strong arms
a: Dig, Shaft Self


You were on level 3 of the Dungeon.
You visited 1 branch of the dungeon, and saw 4 of its levels.
You also visited: Sewer.

You collected 282 gold pieces.

Inventory:

Hand Weapons
 e - a +0 great sword (weapon)
Missiles
 f - 194 stones
 p - 18 sling bullets
 r - 24 arrows
Armour
 c - a +0 kite shield (worn)
 g - a +0 pair of gloves (worn)
 l - a +0 chain mail (worn)
Wands
 a - a wand of paralysis (8)
 k - a wand of acid (8)
 m - a wand of polymorph (6)
Scrolls
 h - a scroll of identify
 i - a scroll of enchant armour
 j - a scroll of magic mapping
 n - 2 scrolls of teleportation
 o - a scroll of enchant weapon {unknown}
 q - a scroll of fear
Potions
 b - a potion of cancellation
 d - 2 potions of might


   Skills:
 - Level 3.3 Fighting
 - Level 2.0 Axes
 - Level 3.3 Armour
 + Level 7.0 Shields
 + Level 5.1 Invocations


You had 6 spell levels left.
You didn't know any spells.
Your spell library contained the following spells:

 Spells                   Type           Power      Damage    Failure   Level
 Sandblast                Erth           0%         2d4       100%        1
 Passwall                 Tmut/Erth      0%         N/A       100%        2
 Lee's Rapid Deconstruct  Erth           0%         3d5*      100%        5


Dungeon Overview and Level Annotations

Branches:
Dungeon (4/15)              Sewer (visited)
 Temple: D:4-7

Altars:
Elyvilon

Shops:
D:1 (   D:2 [


Innate Abilities, Weirdness & Mutations

You cannot be hasted, slowed, berserked, paralysed or teleported.
You can dig through walls and to a lower floor.
You have a pair of large antennae on your head. (SInv)
Your four strong arms can wield two-handed weapons with a shield.


Message History

You are too injured to fight recklessly!
You are too injured to fight recklessly!
You are too injured to fight recklessly!
You block the gnoll's attack. The gnoll barely misses you.
You see here a +0 spear.
The gnoll throws a throwing net.
The throwing net closely misses you.
There is a stone staircase leading up here.
The gnoll hits you from afar with a +0 halberd!
* * * LOW HITPOINT WARNING * * *
The gnoll hits you with a +0 whip.
* * * LOW HITPOINT WARNING * * *
The gnoll hits you but does no damage.
You climb upwards.
There is a stone staircase leading down here.
You hit the gnoll.
The gnoll is heavily wounded.
The gnoll closely misses you.
You completely miss the gnoll.
The gnoll is heavily wounded.
The gnoll hits you but does no damage. The gnoll hits you with a +0 whip.
* * * LOW HITPOINT WARNING * * *
You hit the gnoll.
The gnoll is almost dead.
You block the gnoll's attack. The gnoll barely misses you.
You riposte.
You barely miss the gnoll.
The gnoll is almost dead.
You hit the gnoll.
You kill the gnoll!
A hobgoblin is nearby!
The hobgoblin shouts!
The hobgoblin zaps a wand.
The mass of ice explodes!
The iceblast engulfs you!
You see here a +0 whip.
The hobgoblin blocks your attack. You block the hobgoblin's attack.
The hobgoblin hits you with a +0 club.
* * * LOW HITPOINT WARNING * * *
Your chain mail prevents you from hitting the hobgoblin.
The hobgoblin hits you with a +0 club.
* * * LOW HITPOINT WARNING * * *
The hobgoblin zaps a wand.
The mass of ice explodes!
The iceblast engulfs you!
You die...

########## #........##### ####
#.........)... ...#############
#..#.########. ...#...........###
#..#.#......#. ...##.#.#.##.....#
#..#.#.####.#. ...##.#.#.##.#.#.#
#..#.#.#..#.#.
...##.#.#....#.#.###..#.#.#..#.#.
...............g@)....#.#.##.#.#.
#..####.######.#.####.#.#....#.#.
...# #.# #.###....#.######.#.
...####.######........#........#.
..>..........###......##########.
##.####+#'##.###..........รท......
...............#.......#..#......
###.##.........###....##..#......
.....+.........# #....##..#......


You could see a hobgoblin.

Vanquished Creatures
  A water moccasin (Sewer)
  2 hounds (D:4)
  A jelly (D:4)
  An iguana (D:4)
  2 hound skeletons (D:4)
  2 gnolls
  4 adders
  A river rat (D:4)
  A shadow imp (D:3)
  A white imp (D:3)
  A worm (D:2)
  A dart slug (D:3)
  3 endoplasms
  2 giant cockroaches (D:4)
  11 goblins
  8 hobgoblins
  4 jackals (D:2)
  4 kobolds
  3 quokkas
  3 ball pythons (D:1)
  8 bats
  2 frilled lizards (D:1)
  6 rats
72 creatures vanquished.

Notes
Turn   | Place    | Note
-------+----------+-------------------------------------------
     0 | D:1      | Descartes the Formicid Fighter began the quest for the Orb.
     0 | D:1      | Reached XP level 1. HP: 18/18 MP: 1/1
   197 | D:1      | Found Geileut's Antique Weapon Shop.
   326 | D:1      | Reached skill level 4 in Shields
   396 | D:1      | Reached XP level 2. HP: 24/24 MP: 2/2
  1007 | D:2      | Reached XP level 3. HP: 10/29 MP: 3/3
  1321 | D:2      | Reached skill level 1 in Invocations
  1409 | D:2      | Found Hiofacup's Antique Armour Emporium.
  1665 | D:2      | Reached skill level 5 in Shields
  2457 | D:3      | Reached XP level 4. HP: 31/35 MP: 5/5
  2587 | D:3      | Found a white marble altar of Elyvilon.
  3526 | D:4      | Reached XP level 5. HP: 39/41 MP: 7/7
  3547 | D:4      | Found a glowing drain.
  3551 | Sewer    | Entered a sewer
  3599 | Sewer    | Noticed a water moccasin
  3618 | Sewer    | Killed a water moccasin
  3619 | Sewer    | Reached skill level 6 in Shields
  3619 | Sewer    | Reached XP level 6. HP: 9/47 MP: 7/9
  4484 | D:4      | Reached skill level 7 in Shields
  4484 | D:4      | Reached skill level 5 in Invocations
  4484 | D:4      | Reached XP level 7. HP: 52/52 MP: 10/10
  4644 | D:3      | Killed from afar by a hobgoblin

Illustrated notes

Levels and vault maps discovered:
D:1:      mrwooster_arrival_arrow, layout_basic, serial_shops, shop,
          minmay_quantized
D:2:      layout_basic, serial_shops, shop_fountains, minmay_misc_feat_doors
D:3:      layout_basic, elyvilon_altar_4, minivault_5, mrwooster_statue_mirror,
          kennysheep_generic_room_8
D:4:      layout_cave_pools, gup_sewer_entry_spiral, minmay_goblin_kobold_house

Skill      XL: |  1  2  3  4  5  6 |
---------------+-------------------+-----
Shields        | 4 5 6 7 |  7.0
Invocations    | 1 2 4 5 |  5.1
Fighting       | |  3.3
Axes           | |  2.0
Armour         | |  3.3

Action                   |  1- 3 |  4- 6 |  7- 9 || total
-------------------------+-------+-------+-------++-------
Melee: War axe           |   143 |   125 |       ||   268
       Great sword       |       |    38 |    15 ||    53
 Abil: Dig               |     1 |       |       ||     1
  Use: Scroll            |       |     5 |       ||     5
       Potion            |       |     5 |       ||     5
Armor: Scale mail        |    24 |       |       ||    24
       Chain mail        |    55 |   118 |     3 ||   176
Dodge: Dodged            |    41 |    70 |    10 ||   121
Block: Kite shield       |    95 |   108 |    17 ||   220
       Rpst.: Great sword |       |     4 |     2 ||     6
